 Dungeon Crawl Stone Soup version 0.29-a0-284-gf9362112df (webtiles) character file.

Game seed: 1096063299972574145

777 garrulousMonolith the Chopper (level 7, -5/61 HPs)
             Began as a Hill Orc Fighter on Mar 23, 2022.
             Slain by a hobgoblin
             ... wielding a +0 scythe
              (6 damage)
             ... on level 5 of the Dungeon.
             The game lasted 00:04:49 (5206 turns).

garrulousMonolith the Chopper (Hill Orc Fighter)    Turns: 5206, Time: 00:04:50

Health: -5/61      AC: 12    Str: 19    XL:     7   Next: 84%
Magic:  10/10      EV:  5    Int: 10    God:
Gold:   262        SH:  5    Dex: 10    Spells: 6/6 levels left

rFire   . . .      SeeInvis .   d - +1 rapier (venom)
rCold   . . .      Faith    .   c - +0 buckler
rNeg    . . .      Spirit   .   u - +0 plate armour
rPois   .          Reflect  .   (no helmet)
rElec   .          Harm     .   p - scarf {repulsion}
rCorr   .          Rampage  .   (no gloves)
Will    .....                   (no boots)
Stlth   ..........              (no amulet)
HPRegen 0.20/turn               (no ring)
MPRegen 0.12/turn               (no ring)

@: repel missiles
A: no striking features
a: no special abilities


You were on level 5 of the Dungeon.
You visited 2 branches of the dungeon, and saw 6 of its levels.

You collected 262 gold pieces.

Inventory:

Hand Weapons
 a - a +0 war axe
 d - a +1 rapier of venom (weapon)
 f - a +2 whip of flaming
Missiles
 e - 224 stones (quivered)
Armour
 b - a +0 scale mail
 c - a +0 buckler (worn)
 p - a scarf of repulsion (worn)
 u - a +0 plate armour (worn)
Jewellery
 g - a ring of ice
Wands
 n - a wand of iceblast (12)
 y - a wand of flame (20)
Scrolls
 h - a scroll of amnesia {unknown}
 i - 2 scrolls of enchant weapon {unknown}
 k - 2 scrolls of identify
 l - 3 scrolls of torment
 o - a scroll of silence {unknown}
 q - a scroll of enchant armour {unknown}
 r - 2 scrolls of summoning
 t - 2 scrolls of blinking {unknown}
 v - a scroll of immolation {unknown}
 x - a scroll of teleportation {unknown}
 z - 2 scrolls of fog {unknown}
Potions
 m - a potion of lignification {unknown}
 s - a potion of resistance
 w - a potion of flight


   Skills:
 + Level 5.6 Fighting
 * Level 6.9 Axes
 + Level 4.8 Armour
 + Level 4.9 Shields
 + Level 4.3 Invocations


You had 6 spell levels left.
You didn't know any spells.
Your spell library contained the following spells:

 Spells                   Type           Power      Damage    Failure   Level
 Confusing Touch          Hex            0%         N/A       100%        3
 Inner Flame              Hex/Fire       0%         N/A       100%        3
 Cause Fear               Hex            0%         N/A       100%        4
 Yara's Violent Unravell  Hex/Tmut       0%         3d3       100%        5
 Enfeeble                 Hex            0%         N/A       100%        7
 Discord                  Hex            0%         N/A       100%        8


Dungeon Overview and Level Annotations

Branches:
Dungeon (5/15)             Temple (1/1) D:4

Altars:
Ashenzari
Cheibriados
Elyvilon
Gozag
Kikubaaqudgha
Okawaru
Qazlal
Ru
Sif Muna
Trog
Vehumet
Wu Jian
Xom
Yredelemnul
Zin

Shops:
D:2 :

Annotations:
D:3 2 transporters, davidthevgamer991's ghost, weakling MiFi


Message History

You feel better. The hobgoblin completely misses you.
Your +2 whip of flaming stops flaming.
Your +1 rapier of venom begins to drip with poison!
d - a +1 rapier of venom (weapon)
The hobgoblin hits you from afar with a +0 scythe.
You block the hobgoblin's attack.
You closely miss the hobgoblin. You block the hobgoblin's attack.
You hit the hobgoblin.
The hobgoblin is poisoned.
The hobgoblin is moderately wounded.
The hobgoblin barely misses you.
You closely miss the hobgoblin.
The hobgoblin is heavily wounded.
The hobgoblin hits you with a +0 scythe. x2
You closely miss the hobgoblin.
The hobgoblin is almost dead.
You kill the hobgoblin!
The hound bites you but does no damage.
You barely miss the hound. You block the hound's attack.
The hound barely misses you.
The hobgoblin hits you from afar with a +0 scythe.
* * * LOW HITPOINT WARNING * * *
You hit the hound.
The hound is poisoned.
The hound is moderately wounded.
The hound barely misses you. You block the hobgoblin's attack.
The hound bites you.
* * * LOW HITPOINT WARNING * * *
You hit the hound.
The hound looks as sick as possible!
The hound is heavily wounded.
You kill the hound!
The hobgoblin hits you from afar with a +0 scythe.
* * * LOW HITPOINT WARNING * * *
The hobgoblin hits you from afar with a +0 scythe.
* * * LOW HITPOINT WARNING * * *
You block the hobgoblin's attack. The hobgoblin closely misses you.
You closely miss the hobgoblin.
The hobgoblin hits you with a +0 scythe!
* * * LOW HITPOINT WARNING * * *
The hobgoblin hits you but does no damage.
The hobgoblin hits you from afar with a +0 scythe.
You die...

# #####.#######
#.###### #
#...........#
#....... .
....#######.#.#
######## # ##
#.#.# #.#.#
#.#.# #.#.#
#.#.#
############
#@#.#
#...........
#.#.#
#.##########
#g#.# #.# #g#.#
#.#
#g#.###.########
#g†............#
#g#.....######.#
#.####..# #.#
##########.#
#..# #.#


You could see 5 hobgoblins.

Vanquished Creatures
  A sky beast (D:5)
  A black bear (D:4)
  An ogre (D:5)
  2 phantoms (D:5)
  A scorpion (D:5)
  3 hounds (D:5)
  A jelly (D:4)
  Ijyb (D:4)
  8 adders
  3 worms
  A dart slug (D:4)
  An orc (D:3)
  4 ball pythons
  10 endoplasms
  2 giant cockroaches
  10 goblins
  9 hobgoblins
  8 jackals
  6 quokkas
  8 bats
  4 kobolds
  3 rats
88 creatures vanquished.

Notes
Turn   | Place    | Note
-------+----------+-------------------------------------------
     0 | D:1      | garrulousMonolith the Hill Orc Fighter began the quest for
                  | the Orb.
     0 | D:1      | Reached XP level 1. HP: 19/19 MP: 1/1
   283 | D:1      | Reached skill level 3 in Axes
   283 | D:1      | Reached XP level 2. HP: 21/27 MP: 2/2
   356 | D:1      | Reached skill level 1 in Invocations
   545 | D:1      | Reached XP level 3. HP: 21/33 MP: 3/3
  1010 | D:2      | Found a basalt altar of Yredelemnul.
  1014 | D:2      | Found Raapoh's Book Shoppe.
  1080 | D:2      | Reached XP level 4. HP: 13/40 MP: 5/5
  1279 | D:2      | Reached skill level 4 in Axes
  2062 | D:3      | Identified the +3 ring mail of Resilience {rN+ Will- Dex+6}
  2158 | D:3      | Found a transporter.
  2159 | D:3      | Noticed davidthevgamer991's ghost (weakling MiFi)
  2426 | D:3      | Found a broken altar of Ashenzari.
  2467 | D:3      | Found a transporter.
  2567 | D:3      | Reached XP level 5. HP: 47/47 MP: 6/6
  2742 | D:4      | Noticed a black bear
  2755 | D:4      | Killed a black bear
  2756 | D:4      | Reached skill level 5 in Axes
  2756 | D:4      | Reached XP level 6. HP: 25/53 MP: 6/8
  3127 | D:4      | Found an ornate altar of the Wu Jian Council.
  3610 | D:4      | Noticed Ijyb
  3619 | D:4      | Killed Ijyb
  3875 | D:4      | Found a staircase to the Ecumenical Temple.
  3907 | Temple   | Entered the Ecumenical Temple
  4378 | D:5      | Entered Level 5 of the Dungeon
  4715 | D:5      | Found an ancient bone altar of Kikubaaqudgha.
  4724 | D:5      | Found an opulent altar of Gozag.
  4765 | D:5      | Reached skill level 5 in Fighting
  4812 | D:5      | Noticed a sky beast
  4820 | D:5      | Killed a sky beast
  4821 | D:5      | Reached skill level 6 in Axes
  4821 | D:5      | Reached XP level 7. HP: 52/61 MP: 9/9
  5205 | D:5      | HP: 1/61 [hobgoblin/+0 scythe (9)]
  5206 | D:5      | Slain by a hobgoblin

Illustrated notes

Levels and vault maps discovered:
D:1:      dpeg_cavernosity, layout_basic, minmay_pentomino_q2
D:2:      layout_basic, basic_altar, serial_shops, shop
D:3:      layout_basic, lemuel_coloured_pillars_altar, gammafunk_ghost_arena
D:4:      layout_loops_ring, nicolae_wu_jian_glorious_leap,
          minmay_temple_entry_nine_rooms, uniq_ijyb
D:5:      layout_loops_ring, chequers_temple_overflow_statue_of_worship,
          sigmund_army
Temple:   dpeg_chambers_temple

Skill      XL: |  1  2  3  4  5  6  7 |
---------------+----------------------+-----
Axes           | 3 4 5 6 |  6.9
Invocations    | 1 2 3 4 |  4.3
Fighting       | 4 5 |  5.6
Armour         | 4 |  4.8
Shields        | 4 |  4.9

Action                   |  1- 3 |  4- 6 |  7- 9 || total
-------------------------+-------+-------+-------++-------
Melee: Whip              |    66 |    14 |     7 ||    87
       War axe           |    64 |    22 |       ||    86
       Rapier            |       |   110 |    39 ||   149
  Use: Potion            |     2 |       |     1 ||     3
       Scroll            |       |     5 |       ||     5
Armor: Scale mail        |    54 |    59 |       ||   113
       Plate armour      |       |    26 |    22 ||    48
Dodge: Dodged            |    72 |    78 |    23 ||   173
Block: Buckler           |    35 |    33 |    11 ||    79

Table legend: (Time is in decaauts)
 A = Elapsed time spent in this place.
 B = Non-inter-level travel time spent in this place.
 C = Inter-level travel time spent in this place.
 D = Time resting spent in this place.
 E = Time spent auto-exploring this place.
 F = Levels seen in this place.
 G = Mean time per level.
                   A        B        C        D        E       F      G
               +--------+--------+--------+--------+--------+-----+--------+
         Total |   5276 |   5080 |    196 |   1124 |   3125 |   6 |  879.3 |
       Dungeon |   5039 |   4867 |    172 |   1124 |   2921 |   5 | 1007.8 |
        Temple |    236 |    212 |     24 |      0 |    204 |   1 |  236.0 |
               +--------+--------+--------+--------+--------+-----+--------+

Top non-repeatable levels by time:
     D:4: 1774 daAuts
     D:1: 1188 daAuts
     D:2: 834 daAuts
     D:3: 709 daAuts
     D:5: 533 daAuts
  Temple: 236 daAuts
